 Dungeon Crawl Stone Soup version 0.17-a0-777-g32247ce (webtiles) character file.

2741 Zwobot the Basher (level 10, -10/77 HPs)
             Began as a Human Berserker on Apr 25, 2015.
             Was an Elder of Trog.
             Killed by an exploding giant spore (22 damage)
             ... on level 8 of the Dungeon.
             The game lasted 00:29:33 (9911 turns).

Zwobot the Basher (Human Berserker)                 Turns: 9911, Time: 00:29:33

Health: -10/77     AC: 12    Str: 20    XL:     10   Next: 0%
Magic:  10/10      EV:  7    Int:  8    God:    Trog [****..]
Gold:   427        SH:  0    Dex: 13    Spells: 0 memorised, 9 levels left

rFire  + . .     SeeInvis .     a - +1 morningstar (crush)
rCold  . . .     Clarity  .     N - +0 plate armour
rNeg   . . .     SustAb   .     (no shield)
rPois  .         Gourm    .     (no helmet)
rElec  .         Spirit   .     (no cloak)
rCorr  .         Warding  .     (no gloves)
rMut   .         Stasis   .     (no boots)
MR     .....                    (no amulet)
Stlth  ..........               (no ring)
                                F - ring of protection from fire

@: confused, exhausted, slowed, very slow, not resistant to hostile
enchantments, extremely unstealthy
A: no striking features
a: Burn Spellbooks, Berserk, Trog's Hand, Brothers in Arms, Renounce Religion


You were on level 8 of the Dungeon.
You worshipped Trog.
Trog was greatly pleased with you.
You were very hungry.

You visited 2 branches of the dungeon, and saw 9 of its levels.
You also visited: Sewer.

You collected 427 gold pieces.

Inventory:

Hand weapons
 a - a +1 morningstar of crushing (weapon)
 b - a +0 blowgun
 g - a +0 mace
 t - a +0 flail
 x - a +0 mace
 y - a +0 mace of crushing
 C - a +0 flail of protection
Missiles
 h - 214 stones
 u - 4 curare-tipped needles
 D - 10 tomahawks (quivered)
 H - 22 poisoned needles
Armour
 k - a +0 ring mail
 p - a cursed -1 leather armour
 z - a +0 animal skin
 E - a +0 chain mail
 G - the +1 leather armour "Uqame" {rC++}
   (You found it on level 6 of the Dungeon)

   It greatly protects you from cold.
 L - the +2 robe "Susopig" {rElec rPois rF- Regen+, unknown}
   (You found it on level 6 of the Dungeon)

   It makes you vulnerable to fire.
   It insulates you from electricity.
   It protects you from poison.
   It increases your rate of regeneration.
 N - a +0 plate armour (worn)
Jewellery
 i - an uncursed amulet of stasis
 j - an uncursed ring of ice
 n - a +3 ring of intelligence
 s - an uncursed ring of positive energy
 F - a ring of protection from fire (left hand)
Magical devices
 r - a wand of slowing (13)
Scrolls
 c - 3 scrolls of immolation
 d - 3 scrolls of fog {unknown}
 o - a scroll of teleportation
 A - 2 scrolls of brand weapon {unknown}
 B - a scroll of enchant armour {unknown}
 O - a scroll of noise {unknown}
Potions
 e - 2 potions of magic
 f - 2 potions of restore abilities
 l - 4 potions of curing
 v - a potion of poison {unknown}
 w - a potion of resistance
 M - a potion of agility {unknown}
Books
 I - a book of Spatial Translocations

   Spells                             Type                      Level
   a - Apportation                    Translocation                1
   b - Blink                          Translocation                2
   c - Shroud of Golubria             Charms/Translocation         2
   d - Portal Projectile              Translocation                3
   e - Teleport Other                 Translocation                3
   f - Passage of Golubria            Translocation                4
   Trog disapproves of the use of such an item.
 J - a book of the Sky

   Spells                             Type                      Level
   a - Flight                         Charms/Air                   3
   b - Airstrike                      Air                          4
   c - Silence                        Hexes/Air                    5
   d - Deflect Missiles               Charms/Air                   6
   e - Conjure Ball Lightning         Conjuration/Air              6
   f - Tornado                        Air                          9
   Trog disapproves of the use of such an item.
Comestibles
 m - 4 meat rations
 K - 6 chunks of flesh
 P - a bread ration


   Skills:
 + Level 6.8 Fighting
 * Level 10.1 Maces & Flails
 + Level 6.3 Armour
 - Level 2.0 Dodging


You had 9 spell levels left.
You didn't know any spells.

Dungeon Overview and Level Annotations

Branches:
Dungeon (8/15)             Temple (1/1) D:5
   Lair: D:8-11

Altars:
Cheibriados
Elyvilon
Fedhas
Kikubaaqudgha
Nemelex Xobeh
Okawaru
Qazlal
Yredelemnul
The Shining One
Jiyva

Annotations:
D:4 Grinder, Sigmund
D:7 1 exclusion
D:8 namelastname112's ghost, experienced DrHu


Message History

Drop what? 41/52 slots (_ for help) (? for menu, Esc to quit)
Okay, then.
Read which item? (? for menu, Esc to quit)
As you read the scroll of teleportation, it crumbles to dust.
You feel strangely unstable.
Your ogre hits namelastname112's ghost with a giant club!
Namelastname112's ghost hits you!
* * * LOW HITPOINT WARNING * * *
Your ogre closely misses namelastname112's ghost.
Drink which item? (? for menu, Esc to quit)
You feel better.
Your surroundings suddenly seem different.
A warg comes into view.
The warg barks!
A giant spore comes into view.
The giant spore waves its rhizomes.
The giant spore explodes!
The explosion of spores engulfs you!
You are confused.
You die...

# ##.. ## ##..... #.
######..... #.
#.......... ##. #........
#.. #....... # #.#
#......# #. ##.# #.....@#
#. #..#
h...............#..###.##
......................##
...?......########..[.#.
........... ####...
........... ##...
........... ##....
......... ##..... ...
#......


You could see a warg.

Vanquished Creatures
  Joseph (D:7)
  An orc warrior (D:7)
  A black bear (D:7)
  2 ogres
  A phantom (D:5)
  2 sky beasts
  A centaur (D:7)
  A necrophage (D:5)
  A crocodile (Sewer)
  3 giant frogs
  Blork the orc (D:6)
  3 scorpions
  4 killer bees (D:7)
  A crimson imp (D:6)
  2 hounds (D:5)
  3 orc priests
  A giant frog skeleton (D:6)
  3 jellies (D:6)
  A gnoll shaman (D:5)
  4 orc wizards (D:4)
  An iguana (D:5)
  5 worker ants
  2 worker ant zombies
  6 adders
  5 gnolls
  4 shadow imps
  3 oozes
  2 adder skeletons
  6 worms
  5 giant geckos
  20 orcs
  2 bat skeletons (D:7)
  2 bat zombies (D:6)
  8 giant cockroaches
  12 hobgoblins
  11 kobolds
  3 quokkas
  3 ball pythons
  13 bats
  6 giant newts
  A giant spore (D:8)
  7 goblins
  7 jackals
  2 quokka skeletons (D:6)
  14 rats
  A rat zombie (D:6)
  4 ballistomycetes
192 creatures vanquished.

Vanquished Creatures (others)
  A giant spore (D:6)
  2 fungi (D:5)
3 creatures vanquished.

Grand Total: 195 creatures vanquished

Notes
Turn   | Place    | Note
--------------------------------------------------------------
     0 | D:1      | Zwobot, the Human Berserker, began the quest for the Orb.
     0 | D:1      | Reached XP level 1. HP: 18/18 MP: 1/1
   229 | D:1      | Reached XP level 2. HP: 24/24 MP: 2/2
   755 | D:1      | Reached skill level 4 in Maces & Flails
   755 | D:1      | Reached XP level 3. HP: 24/29 MP: 3/3
  1295 | D:2      | Acquired Trog's second power
  2088 | D:2      | Found a snail-covered altar of Cheibriados.
  2118 | D:2      | Reached XP level 4. HP: 33/35 MP: 4/4
  2270 | D:2      | Reached skill level 5 in Maces & Flails
  2680 | D:3      | Found a glowing golden altar of the Shining One.
  2812 | D:3      | Reached XP level 5. HP: 38/41 MP: 5/5
  3479 | D:4      | Reached XP level 6. HP: 47/47 MP: 6/6
  3599 | D:4      | Reached skill level 6 in Maces & Flails
  3711 | D:4      | Noticed Grinder
  3712 | D:4      | Noticed Sigmund
  3712 | D:4      | Paralysed by Grinder for 3 turns
  3835 | D:4      | Found a glowing drain.
  3869 | Sewer    | Entered a sewer
  3918 | Sewer    | Reached XP level 7. HP: 34/53 MP: 7/7
  4155 | D:5      | Entered Level 5 of the Dungeon
  5224 | D:5      | Reached skill level 7 in Maces & Flails
  5585 | D:5      | Reached XP level 8. HP: 47/60 MP: 8/8
  5823 | D:5      | Found a staircase to the Ecumenical Temple.
  5833 | Temple   | Entered the Ecumenical Temple
  6240 | D:5      | Found a blossoming altar of Fedhas.
  6580 | D:6      | Reached skill level 5 in Fighting
  6580 | D:6      | Reached skill level 8 in Maces & Flails
  7107 | D:6      | Got an encrusted leather armour
  7153 | D:6      | Identified the +1 leather armour "Uqame" {rC++} (You found it on level 6 of the Dungeon)
  7280 | D:6      | Noticed Blork the orc
  7298 | D:6      | Killed Blork the orc
  7379 | D:6      | Found an ancient bone altar of Kikubaaqudgha.
  7454 | D:6      | Reached skill level 5 in Armour
  7462 | D:6      | Found a viscous altar of Jiyva.
  7481 | D:6      | Reached XP level 9. HP: 63/67 MP: 9/9
  7512 | D:6      | Got a transparent robe
  7781 | D:5      | Found a basalt altar of Yredelemnul.
  7781 | D:5      | Found a sparkling altar of Nemelex Xobeh.
  7804 | D:6      | Acquired Trog's third power
  8146 | D:7      | Reached skill level 9 in Maces & Flails
  9051 | D:7      | Noticed Joseph
  9070 | D:7      | Killed Joseph
  9278 | D:7      | Reached skill level 10 in Maces & Flails
  9752 | D:8      | Reached XP level 10. HP: 55/77 MP: 10/10
  9895 | D:8      | Noticed namelastname112's ghost (experienced DrHu)
  9911 | D:8      | Killed by an exploding giant spore

Action                   |  1- 3 |  4- 6 |  7- 9 | 10-12 || total
-------------------------+-------+-------+-------+-------++-------
Melee: Mace              |    97 |   179 |   272 |       ||   548
       Flail             |       |       |   240 |       ||   240
       Morningstar       |       |       |     5 |    12 ||    17
 Fire: Blowgun           |       |       |    20 |       ||    20
Throw: Stone             |    24 |       |    13 |       ||    37
       Tomahawk          |       |    14 |    26 |       ||    40
Invok: Berserk           |     3 |     2 |     6 |     1 ||    12
       Trog's Hand       |       |     2 |     2 |       ||     4
       Burn Spellbooks   |       |       |     1 |       ||     1
       Brothers in Arms  |       |       |       |     1 ||     1
  Use: Potion            |     1 |       |     3 |     2 ||     6
       Scroll            |       |     5 |     4 |     2 ||    11
  Eat: Chunk             |     1 |     9 |    13 |     1 ||    24
       Bread ration      |     1 |       |     2 |       ||     3
       Beef jerky        |       |       |     2 |       ||     2
       Royal jelly       |       |       |     1 |       ||     1
